 Dungeon Crawl Stone Soup version 0.18.1-2-ga659475 (webtiles) character file.

389654 namelastname112 the Convoker (level 22, -8/193 HPs)
             Began as a Pale Draconian Summoner on May 7, 2016.
             Was the Champion of Ashenzari.
             Mangled by a war gargoyle
             ... wielding a +0 flail
              (9 damage)
             ... on level 5 of the Vaults on May 8, 2016.
             The game lasted 03:55:34 (74048 turns).

namelastname112 the Convoker (DrSu)                Turns: 74048, Time: 03:55:34

Health: -8/193     AC: 28    Str: 19      XL:     22   Next: 7%
Magic:  11/40      EV: 20    Int: 33 (35) God:    Ashenzari [******]
Gold:   1769       SH:  8    Dex:  6      Spells: 8 memorised, 3 levels left

rFire  + + +     SeeInvis +     b - staff of energy
rCold  + + +     Gourm    .     (armour unavailable)
rNeg   + + +     Faith    .     I - +2 buckler of the Lobster {rC+ MR+ Dex-3} (curse)
rPois  ∞         Spirit   .     B - +2 hat
rElec  +         Dismiss  .     x - +2 cloak of Starlight {rElec rC+ EV+4 Stlth--} (curse)
rCorr  .         Reflect  .     O - +2 pair of gloves {rF+} (curse)
SustAt +         Harm     .     Z - +2 pair of boots {rF+} (curse)
MR     +++..     Clarity  +     l - amulet of magic regeneration (curse)
Stlth  ..........               t - ring of the Middle {*Confuse rPois rF+ Str+4 Int+7} (curse)
                                C - ring of Dant {SustAt Int+4} (curse)

@: about to teleport, lich-form (expiring), very slightly contaminated, studying
Conjurations, deflect missiles, extremely resistant to hostile enchantments,
extremely unstealthy
A: (breathe steam), unfitting armour, big wings, blink, clumsy 1, fire
resistance 1, screaming 1, strong 1, cold-blooded, MP-powered wands, AC +11
a: Fly, End Transformation, Blink, Curse Item, Scrying, Transfer Knowledge,
Renounce Religion
}: 2/15 runes: barnacled, gossamer


You were on level 5 of the Vaults.
You worshipped Ashenzari.
Ashenzari was exalted by your worship.
You were not hungry.
You were a lich.
You visited 10 branches of the dungeon, and saw 50 of its levels.
You visited 1 ziggurat, and saw 11 of its levels.
You also visited: Ossuary, Ice Cave, Volcano and Wizlab.

You collected 9746 gold pieces.
You spent 7977 gold pieces at shops.

Inventory:

Hand Weapons
 a - the +18 lance "Wyrmbane" {slay drac, +Rage rPois rF+ AC+5}
   (You bought it in a shop on level 4 of the Dungeon)

   It affects your AC (+5).
   It protects you from fire.
   It protects you from poison.
   It lets you go berserk.
Armour
 x - the cursed +2 cloak of Starlight (worn) {rElec rC+ EV+4 Stlth--}
   (You bought it in a shop on level 2 of the Orcish Mines)

   It affects your evasion (+4).
   It protects you from cold.
   It insulates you from electricity.
   It makes you much less stealthy.
   It has a curse placed upon it.
 B - a +2 hat (worn)
 I - the cursed +2 buckler of the Lobster (worn) {rC+ MR+ Dex-3}
   (You bought it in a shop on level 4 of the Dungeon)

   It affects your dexterity (-3).
   It protects you from cold.
   It affects your resistance to hostile enchantments.
   It has a curse placed upon it.
 O - a cursed +2 pair of gloves of fire resistance (worn)
 Q - the +2 shield of Resistance {rF+ rC+ MR+}
   (You found it on level 2 of the Depths)

   It protects you from fire.
   It protects you from cold.
   It affects your resistance to hostile enchantments.
 Z - a cursed +2 pair of boots of fire resistance (worn)
Magical Staves
 b - an uncursed staff of energy (weapon)
 U - an uncursed staff of summoning
Rods
 W - a +2 rod of clouds (11/11)
   (You took it off a deep elf death mage on level 3 of the Elven Halls)
Jewellery
 j - an uncursed ring of wizardry
 l - a cursed amulet of magic regeneration (around neck)
 t - the cursed ring of the Middle (right hand) {*Confuse rPois rF+ Str+4 Int+7}
   (You found it on level 8 of the Lair of Beasts)

   [ring of protection from fire]

   It affects your strength (+4).
   It affects your intelligence (+7).
   It protects you from fire.
   It protects you from poison.
   It may confuse you when you take damage.
   It has a curse placed upon it.
 C - the cursed ring of Dant (left hand) {SustAt Int+4}
   (You found it on level 3 of the Elven Halls)

   [ring of sustain attributes]

   It sustains your strength, intelligence and dexterity.
   It affects your intelligence (+4).
   It has a curse placed upon it.
Wands
 m - a wand of disintegration (12/24)
 u - a wand of hasting (3/9)
 E - a wand of digging (12/24)
 J - a wand of disintegration (9/24)
 M - a wand of teleportation (4/9)
Scrolls
 d - 9 scrolls of recharging
 h - 6 scrolls of teleportation
 k - 12 scrolls of magic mapping
 y - 11 scrolls of fog
 F - 12 scrolls of remove curse
 G - 5 scrolls of enchant armour
 K - a scroll of holy word
 S - 29 scrolls of identify
Potions
 c - 10 potions of ambrosia
 e - a potion of invisibility
 f - 2 potions of flight
 i - a potion of heal wounds
 n - 9 potions of might
 o - 2 potions of cure mutation
 p - 4 potions of haste
 q - 14 potions of curing
 v - 8 potions of magic
 w - 5 potions of agility
 z - 7 potions of cancellation
 H - 4 potions of resistance
 L - 9 potions of brilliance
Books
 r - a Grand Grimoire

   Spells                             Type                      Level
   a - Monstrous Menagerie            Summoning                    7
   b - Summon Greater Demon           Summoning                    7
   c - Malign Gateway                 Summoning/Translocation      7
   d - Summon Horrible Things         Summoning                    8
 A - a book of the Sky

   Spells                             Type                      Level
   a - Summon Lightning Spire         Summoning/Air                4
   b - Airstrike                      Air                          4
   c - Silence                        Hexes/Air                    5
   d - Deflect Missiles               Charms/Air                   6
   e - Conjure Ball Lightning         Conjuration/Air              6
   f - Tornado                        Air                          9
 N - a manual of Conjurations
Miscellaneous
 s - a crystal ball of energy
 T - a phial of floods
 V - a box of beasts {used: 1}
 X - 2 phantom mirrors
Comestibles
 g - 8 beef jerkies
 P - 50 fruits
 R - 23 bread rations


   Skills:
 - Level 15.4 Fighting
 - Level 12.9 Polearms
 - Level 13.3(16.0) Dodging
 - Level 1.7(3.9) Stealth
 + Level 10.3(13.1) Shields
 - Level 14.2 Spellcasting
 - Level 3.9(8.1) Charms
 + Level 18.6(22.2) Summonings
 + Level 13.4(17.5) Necromancy
 + Level 11.9(16.1) Transmutations
 - Level 3.0(6.8) Air Magic
 - Level 10.8(15.0) Evocations


You had 3 spell levels left.
You knew the following spells:

 Your Spells              Type           Power        Failure   Level  Hunger
a - Dragon's Call         Summ           ########..   21%         9    N/A
b - Deflect Missiles      Chrm/Air       ######....   14%         6    N/A
c - Summon Horrible Thin  Summ           ########..   1%          8    N/A
f - Apportation           Tloc           ####......   1%          1    N/A
g - Necromutation         Trmt/Necr      ########..   14%         8    N/A
h - Aura of Abjuration    Summ           ########..   0%          5    N/A
s - Haunt                 Necr/Summ      ########..   1%          7    N/A
x - Blink                 Tloc           N/A          1%          2    N/A

Dungeon Overview and Level Annotations

Branches:
Dungeon (15/15)            Temple (1/1) D:6            Lair (8/8) D:10
 Shoals (4/4) Lair:4       Spider (4/4) Lair:6        Slime (0/6) Lair:6
    Orc (2/2) D:12            Elf (3/3) Orc:2        Vaults (5/5) D:13
  Crypt (3/3) Vaults:3       Tomb (0/3) Crypt:3      Depths (5/5) D:15
    Zot (0/5) Depths:5

Altars:
Ashenzari
Cheibriados
Dithmenos
Elyvilon
Gozag
Kikubaaqudgha
Makhleb
Okawaru
Pakellas
Qazlal
Sif Muna
Trog
Vehumet
Xom
Yredelemnul
Zin
The Shining One
Beogh

Shops:
D:4 }*(*   D:15 *   Orc:1 =   Orc:2 *[(:*   Elf:1 *}::   Elf:2 (   Vaults:2 [
Vaults:4 =   Depths:5 :

Portals:
Hell: Depths:1 Depths:2 Depths:3 Depths:4 Depths:5
Abyss: Depths:4
Pandemonium: Depths:3

Annotations:
Elf:2 2 runed doors


Innate Abilities, Weirdness & Mutations

((You can breathe blasts of scalding, opaque steam.))
Your pale cyan-grey scales are hard (AC +11).
Your body does not fit into most forms of armour.
You are cold-blooded and may be slowed by cold attacks.
Your large and strong wings let you fly indefinitely.
You can translocate small distances at will.
You are clumsy. (Dex -2)
Your flesh is heat resistant.
You occasionally shout uncontrollably at your foes.
Your muscles are strong. (Str +2)
You expend magic power (3 MP) to strengthen your wands.


Message History

Your tentacled monstrosity is unaffected.
The war gargoyle is unaffected.
The golden eye looks frightened!
The vault warden looks frightened!
The yaktaur looks frightened! x4
The ogre mage looks frightened!
The ogre mage hits your large abomination with a club!
The titan waves its arms in wide circles.
The air twists around and strikes you!
The golden eye blinks!
Your large abomination hits the vault warden.
Your large abomination's attack snaps the vault warden out of its fear.
The vault guard hits your large abomination with a long sword of electrocution.
There is a sudden explosion of sparks!
Your large abomination hits the war gargoyle!!
Your large abomination hits the vault warden.
The tengu reaver hits your large abomination with a long sword!!
Your large abomination is destroyed!
The small abomination closely misses your large abomination.
Your large abomination hits the small abomination!
The small abomination is destroyed!
The war gargoyle hits you with a flail!
You die...

#..#, .....# ,
#Cp# .§.... ,,
#D.# #cp.. , ,,
#QD##..pc , ,,,
, #.p#.c.#,, *
, #X...c# ** ,
#XX((#########*
#X9Xp..T...T..,
,
#LOX...T...%T.
,
##############
**


You could see 2 shadow dragons, a titan, 2 vault wardens, a tengu reaver
(fleeing), 3 vault guards, an ogre mage (fleeing), a deep troll (fleeing), a war
gargoyle, a deep troll earth mage, 4 yaktaurs, a friendly tentacled monstrosity
and 5 friendly large abominations.

Vanquished Creatures
  A bone dragon (Depths:5)
  Gastronok (Lair:3)
  2 shadow dragons
  2 storm dragons (Depths:4)
  2 iron dragons
  2 emperor scorpions (Spider:4)
  2 ghost moths (Spider:4)
  A draconian scorcher (Depths:5)
  9 very ugly things
  A stone giant (Depths:1)
  A spark wasp (Spider:4)
  5 fire dragons
  A merfolk impaler (Shoals:4)
  2 jiangshi (Depths:3)
  A rakshasa (Depths:3)
  3 ice dragons
  2 spriggan air magi (Depths:5)
  A hydra (D:8)
  4 merfolk aquamancers
  A catoblepas (Lair:5)
  A centaur warrior (Depths:1)
  A queen ant (Lair:4)
  2 dancing weapons
  A death yak (Shoals:2)
  An orc high priest (Orc:2)
  Sonja (Orc:2)
  2 sun demons (Depths:3)
  A deep elf knight (Elf:2)
  2 unseen horrors
  A spark wasp zombie (Depths:3)
  3 death scarabs (Spider:4)
  7 sea snakes
  A spriggan druid (Depths:2)
  A skeletal warrior (Depths:3)
  A flayed ghost (Depths:4)
  A golden dragon zombie (Depths:3)
  A golden dragon skeleton (Depths:3)
  3 hill giants
  6 harpies
  A spectral wolf spider (Spider:4)
  A harpy (shapeshifter) (Depths:1)
  2 necromancers (Depths:3)
  16 wolf spiders
  9 deep elf magi
  9 orb spiders
  A sphinx zombie (Depths:3)
  A tengu skeleton (Vaults:3)
  2 orc sorcerers (Orc:2)
  3 hornets
  2 fauns
  A manticore (Shoals:3)
  4 moths of wrath
  4 ugly things
  5 cyclopes
  2 sirens
  7 elephants
  An ice statue (IceCv)
  A water nymph (Shoals:1)
  A spiny frog (Lair:8)
  A kobold demonologist (D:14)
  A gargoyle (D:15)
  3 rime drakes
  A hellion (Zig:4)
  A storm dragon simulacrum (Depths:3)
  A spectral redback (Spider:4)
  2 freezing wraiths (IceCv)
  5 demonic crawlers
  2 yaktaurs (Depths:3)
  2 redback zombies (Spider:4)
  2 guardian mummies (Crypt:3)
  2 tengu conjurers
  2 spectral jumping spiders (Spider:4)
  A wind drake (shapeshifter) (Depths:5)
  A wind drake (Shoals:3)
  10 polar bears
  14 jumping spiders
  A troll (Orc:1)
  5 merfolk
  9 blink frogs
  A spectral tarantella (Spider:4)
  2 bog bodies (Crypt:3)
  3 two-headed ogres
  2 boulder beetles
  A hornet zombie (D:13)
  2 slime creatures
  A tarantella zombie (Spider:4)
  An ushabti (Crypt:3)
  2 snapping turtles (Shoals:4)
  35 redbacks
  9 spriggans
  A shadow (D:11)
  14 tarantellas
  6 air elementals
  5 water elementals
  A wraith (Crypt:2)
  A wyvern (D:12)
  30 yaks
  Eustachio (D:6)
  Grum (D:8)
  A basilisk (Lair:3)
  A hungry ghost (D:10)
  7 vampire mosquitoes
  12 hippogriffs
  A warg (Orc:1)
  A mottled dragon (D:12)
  12 water moccasins
  5 soldier ants (Lair:4)
  12 porcupines
  2 sky beasts
  3 ice beasts
  10 orc warriors
  7 wasps
  4 black bears
  A phantom (D:12)
  9 ogres
  An eye of draining (D:10)
  7 boggarts
  7 centaurs
  15 wolves
  12 crocodiles
  A big kobold (D:8)
  14 giant frogs
  An elf zombie (Ossuary)
  An earth elemental (Elf:2)
  A wyvern zombie (D:14)
  A scorpion (D:14)
  3 killer bees (D:10)
  7 wights
  3 howler monkeys
  6 crimson imps
  2 quasits
  A giant frog zombie (D:5)
  A draconian simulacrum (IceCv)
  6 orc priests
  A jelly (shapeshifter) (Elf:3)
  3 jellies
  A centaur skeleton (D:4)
  A giant frog skeleton (D:4)
  3 hounds
  11 orc wizards
  8 iguanas
  16 worker ants
  11 sheep
  4 mummies
  A worker ant zombie (D:6)
  6 gnolls
  A howler monkey skeleton (D:4)
  6 adders
  28 river rats
  An ogre simulacrum (IceCv)
  2 shadow imps
  4 white imps (IceCv)
  An ooze (D:1)
  An adder zombie (D:7)
  An adder skeleton (D:5)
  2 worms
  2 dart slugs
  3 giant geckos
  28 orcs
  2 giant cockroaches
  5 goblins
  7 hobgoblins
  5 jackals
  6 kobolds
  5 quokkas
  A ball python (D:1)
  10 bats
  2 giant newts
  4 hobgoblin zombies (Ossuary)
  A jackal skeleton (D:8)
  3 kobold zombies (Ossuary)
  5 orc zombies (Ossuary)
  A quokka zombie (D:8)
  4 rats
  A fungus (Lair:4)
  A plant (Lair:3)
726 creatures vanquished.

Vanquished Creatures (collateral kills)
  An ancient lich (Depths:2)
  Mara (Crypt:1)
  Mennas (Vaults:2)
  Sojobo (Vaults:4)
  A greater mummy (Crypt:3)
  Boris (Depths:5)
  Frederick (Vaults:4)
  Saint Roka (Elf:3)
  Nikola (Vaults:1)
  the Enchantress (Depths:2)
  A bone dragon (Vaults:3)
  4 liches
  An Ice Fiend (Zig:7)
  3 tentacled monstrosities
  2 deep elf blademasters (Elf:3)
  2 titans (Zig:5)
  2 deep elf master archers (Elf:3)
  Asterion (Vaults:1)
  Polyphemus (Shoals:2)
  A kraken (Shoals:4)
  The ghost of namelastname112 the Arsonist, an adept DrWz of Sif Muna (Shoals:3)
  4 ancient champions (Crypt:3)
  6 tengu reavers
  5 sphinxes
  3 thorn hunters (Depths:2)
  Agnes (Elf:2)
  2 shadow dragons
  3 revenants
  2 storm dragons
  Ilsuiw (Shoals:4)
  5 fire giants
  2 curse skulls (Crypt:3)
  2 ghost moths
  4 frost giants
  An orc warlord (Orc:2)
  Aizul (Vaults:4)
  5 deep elf sorcerers
  13 vault wardens
  A cacodemon (Zig:1)
  A caustic shrike zombie (Depths:3)
  A draconian annihilator (Depths:5)
  2 emperor scorpions (Spider:4)
  6 deep elf elementalists
  4 balrugs
  7 spriggan defenders
  A spectral juggernaut (Depths:3)
  An emperor scorpion (shapeshifter) (Depths:3)
  17 stone giants
  12 ironheart preservers
  6 ghouls
  2 war gargoyles
  27 very ugly things
  A draconian caller (Zig:11)
  10 vampire knights
  Nessos (Orc:2)
  2 red draconians (Depths:5)
  5 deep elf annihilators (Elf:3)
  2 mottled draconians (Depths:5)
  7 deep elf demonologists
  4 spark wasps
  9 purple draconians (WizLab)
  9 ettins
  5 eidola
  21 vault guards
  4 merfolk javelineers
  11 deep elf death magi
  A blizzard demon (Zig:7)
  3 merfolk impalers
  5 statues (WizLab)
  11 yaktaur captains
  7 fire dragons
  2 crystal guardians
  4 deep elf high priests
  3 mummy priests (Crypt:3)
  4 jiangshi
  2 great orbs of eyes
  4 entropy weavers
  2 rakshasas
  A catoblepas (Shoals:2)
  The ghost of no0bjke the Fighter, a journeyman GrBe of Trog (D:12)
  3 ice dragons
  14 ogre magi
  An alligator snapping turtle (Shoals:3)
  3 spriggan air magi
  6 centaur warriors
  A ghost crab (shapeshifter) (Depths:2)
  An alligator (shapeshifter) (Zig:3)
  6 merfolk aquamancers
  A hydra (Lair:7)
  6 death knights
  A juggernaut simulacrum (Depths:3)
  2 satyrs
  2 death yaks (Shoals:2)
  A deep troll earth mage (Vaults:3)
  13 dancing weapons
  6 tengu warriors
  4 deep troll shamans
  A hellephant zombie (Crypt:1)
  A hell hog (Zig:8)
  4 small abominations
  7 vampire magi
  3 orc high priests (Zig:10)
  A shock serpent (shapeshifter) (Depths:5)
  A titan zombie (Depths:3)
  3 soul eaters
  A titan skeleton (Vaults:3)
  2 iron giant zombies (Depths:3)
  2 hell knights
  13 deep elf knights
  8 iron trolls
  3 spriggan berserkers
  A storm dragon zombie (Crypt:3)
  Nergalle (Orc:1)
  A hellephant skeleton (Crypt:1)
  13 skeletal warriors
  5 shadow wraiths
  A spark wasp zombie (Zig:7)
  2 wizards
  A golden dragon zombie (Crypt:3)
  5 death scarabs (Spider:4)
  11 sea snakes
  A storm dragon skeleton (Depths:3)
  8 flayed ghosts
  An obsidian statue (Zig:5)
  A tengu zombie (Depths:3)
  2 spectral wolf spiders (Spider:4)
  A giant orange brain (Depths:3)
  3 large abominations (Elf:3)
  An anubis guard (shapeshifter) (Depths:3)
  8 necromancers
  3 hill giants
  18 deep elf archers
  15 deep trolls
  A harpy (shapeshifter) (Depths:2)
  An orange crystal statue (Crypt:2)
  10 orb spiders
  22 ironbrand convokers
  9 phantasmal warriors
  17 orc knights
  21 harpies
  3 fire giant zombies
  12 wolf spiders
  An orb spider (shapeshifter) (Vaults:1)
  4 oklob plants (Zig:8)
  7 hornets
  8 orc sorcerers
  An apis zombie (Crypt:1)
  53 deep elf magi
  10 manticores
  31 ugly things
  A moth of wrath (shapeshifter) (Depths:3)
  8 cyclopes
  2 iron dragon zombies
  2 frost giant zombies
  2 stone giant zombies
  9 griffons
  An elephant (Lair:7)
  An octopode (shapeshifter) (Vaults:2)
  13 fauns
  A moth of wrath (Spider:4)
  2 fire giant skeletons
  2 iron dragon skeletons
  A stone giant skeleton (Zig:8)
  2 centaur zombies
  5 water nymphs
  3 sirens
  A frost giant skeleton (Zig:7)
  A titan simulacrum (Vaults:3)
  A black mamba (shapeshifter) (Vaults:3)
  A centaur skeleton (D:15)
  15 vault sentinels
  A gargoyle (D:14)
  4 torpor snails
  13 spiny frogs
  2 hellions (Zig:4)
  2 rime drakes
  18 freezing wraiths
  3 redback zombies (Spider:4)
  4 spectral redbacks (Spider:4)
  2 kobold demonologists (Vaults:1)
  An efreet (D:14)
  38 yaktaurs
  An elf zombie (Zig:8)
  6 komodo dragons
  6 spriggan druids
  A black draconian skeleton (Crypt:2)
  33 guardian mummies (Crypt:3)
  5 tengu conjurers
  A polar bear (shapeshifter) (Vaults:1)
  14 demonic crawlers
  2 spectral jumping spiders (Spider:4)
  9 trolls
  26 jumping spiders
  2 wind drakes
  5 polar bears
  12 ushabtiu (Crypt:3)
  A wind drake (shapeshifter) (Vaults:3)
  11 blink frogs
  A red devil (Zig:8)
  2 trolls (shapeshifter)
  20 two-headed ogres
  8 bog bodies
  32 merfolk
  A hornet zombie (D:12)
  A minotaur skeleton (Crypt:1)
  7 boulder beetles
  2 raiju (shapeshifter)
  A hydra skeleton (Crypt:2)
  16 slime creatures
  2 ettin zombies
  A fire dragon zombie (Crypt:3)
  A spriggan zombie (Zig:7)
  A stone giant simulacrum (Vaults:3)
  3 spectral tarantellas (Spider:4)
  6 snapping turtles
  2 jumping spider zombies (Spider:4)
  A frost giant simulacrum (Vaults:2)
  An alligator zombie (Crypt:2)
  An elf skeleton (Zig:8)
  A snapping turtle (shapeshifter) (Elf:1)
  7 air elementals
  17 spriggans
  2 shadows
  3 fire elementals
  A tarantella (shapeshifter) (Depths:2)
  34 yaks
  13 water elementals
  18 tarantellas
  An ettin skeleton (Depths:3)
  A hog (Volcano)
  An orc simulacrum (Vaults:2)
  36 redbacks
  A fire bat (Volcano)
  12 wraiths
  2 wyverns
  2 vampires
  4 basilisks
  A hog (shapeshifter) (Depths:3)
  6 hippogriffs
  A basilisk (shapeshifter) (Elf:3)
  A steam dragon (D:10)
  A hill giant skeleton (Crypt:2)
  17 vampire mosquitoes
  A swamp worm (shapeshifter) (Vaults:3)
  Menkaure (D:6)
  A human simulacrum (Vaults:3)
  A death yak simulacrum (IceCv)
  A putrid demonspawn zombie (Crypt:3)
  2 mottled dragons (Vaults:1)
  A spatial vortex (Depths:2)
  A merfolk zombie (Crypt:3)
  4 wargs
  3 soldier ants
  6 water moccasins
  A water moccasin (shapeshifter) (Elf:1)
  A hell hound (Volcano)
  42 orc warriors
  A putrid demonspawn skeleton (Crypt:1)
  7 porcupines
  3 black bears (Lair:8)
  A sky beast (D:15)
  4 ice beasts (IceCv)
  2 lindwurm zombies
  8 wasps
  2 snapping turtle zombies (Crypt:1)
  36 ogres
  An eye of draining (D:15)
  2 ogres (shapeshifter)
  4 necrophages
  A snapping turtle skeleton (Crypt:3)
  15 boggarts
  11 wolves
  9 crocodiles
  3 centaurs
  A human skeleton (Vaults:3)
  5 big kobolds
  Blork the orc (D:4)
  7 giant frogs
  A glowing shapeshifter simulacrum (Vaults:3)
  2 earth elementals
  A scorpion (D:13)
  2 killer bees (D:10)
  An elf simulacrum (Vaults:3)
  A swamp dragon simulacrum (Crypt:3)
  30 wights
  A crimson imp (D:6)
  2 draconian simulacra (IceCv)
  A giant frog skeleton (D:4)
  2 jellies
  A quasit (D:10)
  A wasp zombie (Crypt:1)
  9 orc priests
  An iguana (Lair:1)
  A black bear skeleton (Crypt:2)
  16 worker ants
  12 orc wizards
  2 troll simulacra (IceCv)
  A lightning spire (Zig:7)
  2 spriggan simulacra (IceCv)
  A polar bear simulacrum (IceCv)
  2 wolf simulacra (IceCv)
  7 sheep
  A deep dwarf zombie (Crypt:2)
  4 centaur simulacra (IceCv)
  A naga skeleton (Crypt:3)
  A tengu skeleton (Crypt:2)
  6 mummies
  2 gnolls (D:10)
  28 river rats
  5 adders
  3 naga simulacra (IceCv)
  5 ogre simulacra (IceCv)
  A steam dragon zombie (Crypt:2)
  9 white imps
  2 adder zombies (Ossuary)
  An adder skeleton (D:4)
  2 dart slugs
  A giant gecko (D:4)
  51 orcs
  4 bats
  A bat zombie (Crypt:1)
  4 goblins
  3 hobgoblins
  8 jackals
  A quokka (D:10)
  A ball python (D:1)
  A giant newt (D:1)
  3 goblin zombies (Ossuary)
  A hobgoblin skeleton (Crypt:1)
  5 hobgoblin zombies (Ossuary)
  A jackal zombie (Crypt:1)
  5 kobolds
  9 kobold zombies (Ossuary)
  3 orc zombies (Ossuary)
  A rat zombie (Ossuary)
  5 briar patches (Depths:2)
  A bush (D:15)
  A crawling corpse (Elf:3)
  A fungus (Lair:7)
  2 lost souls
  19 plants
  3 tentacles (Shoals:4)
1839 creatures vanquished.

Vanquished Creatures (others)
  A tengu reaver (Depths:4)
  A deep elf elementalist (Elf:3)
  2 merfolk aquamancers (Shoals:4)
  An ogre mage (Vaults:1)
  A death yak (Shoals:2)
  A vampire mage (Crypt:1)
  A harpy (Shoals:2)
  An elf zombie (Depths:4)
  2 two-headed ogres (Volcano)
  A wraith (Crypt:1)
  A tarantella (Spider:4)
  A hell hound (Zig:4)
  3 ogres
  A centaur (D:10)
  A briar patch (Depths:2)
  19 fungi
  3 lost souls (Crypt:3)
  63 plants
  5 tentacles (Shoals:4)
  845 tentacle segments (Shoals:4)
954 creatures vanquished.

Grand Total: 3519 creatures vanquished

Notes
Turn   | Place    | Note
--------------------------------------------------------------
     0 | D:1      | namelastname112 the Draconian Summoner began the quest for the Orb.
     0 | D:1      | Reached XP level 1. HP: 14/14 MP: 3/3
     0 | D:1      | epen: пизда
    52 | D:1      | epen: вот не люблю я старты
    79 | D:1      | epen: на старте мобы какие-то ебанутые
   257 | D:1      | Reached XP level 2. HP: 6/22 MP: 3/5
   477 | D:1      | Learned a level 2 spell: Call Imp
   685 | D:1      | epen: самый сильный имп -- железный?
   761 | D:1      | epen: @??iron imp
   761 | D:1      | namelastname112: ну
   761 | D:1      | namelastname112: наверное
   761 | D:1      | namelastname112: мне белые нравятся оче
   761 | D:1      | beem: iron imp (5)
                  | Spd:
     8 | HD: 3    | HP: 13-19
                  | AC/EV: 6/8
                  | Dam: 12
                  | demonic, weapons, items, doors, unholy
                  | Res: magic(10), fire+++, cold, elec, poison, rot, neg+++, torm
                  | Vul: holy++
                  | XP:
    40 | Sz: small | Int: human.
   761 | D:1      | namelastname112: вообще любой имп клеый
   761 | D:1      | namelastname112: кроме красного
   770 | D:1      | Reached skill level 1 in Fighting
   771 | D:1      | epen: ??white imp
   771 | D:1      | beem: white imp[1/2]: A nasty little type 5 demon from Heck. Resists cold, throws frost at you!
   837 | D:1      | epen: @??white imp
   880 | D:1      | beem: white imp (5)
                  | Spd:
    10 | HD: 2    | HP: 9-13
                  | AC/EV: 4/10
                  | Dam: 4(cold:2-5)
                  | demonic, doors, unholy, fly
                  | Res: magic(10), cold++, poison, rot, neg+++, torm
                  | Vul: fire, holy++
                  | XP: 10
                  | Sp: throw frost (3d5) [!sil]
                  | Sz: little
                  | Int: human.
  1001 | D:1      | Reached XP level 3. HP: 20/28 MP: 6/6
  1350 | D:1      | Learned a level 3 spell: Call Canine Familiar
  1805 | D:2      | Reached XP level 4. HP: 27/35 MP: 7/7
  1862 | D:2      | Found a shadowy altar of Dithmenos.
  2301 | D:3      | Found a faded altar to an unknown god.
  3192 | D:4      | Reached skill level 5 in Summonings
  3193 | D:4      | Noticed Blork the orc
  3210 | D:4      | Killed Blork the orc
  3210 | D:4      | Reached XP level 5. HP: 16/41 MP: 2/9
  3471 | D:4      | Found Fukop's Gadget Boutique.
  3499 | D:4      | epen: у суммонеров одна тактика
  3504 | D:4      | epen: это суммонить
  3511 | D:4      | epen: и прятаться
  3517 | D:4      | epen: ?
  3529 | D:4      | Reached XP level 6. HP: 23/50 MP: 2/10
  3563 | D:4      | Found a sand-covered staircase.
  3573 | Ossuary  | Entered an ossuary
  3906 | Ossuary  | Reached skill level 6 in Summonings
  4052 | D:4      | namelastname112: ну
  4052 | D:4      | namelastname112: можешь найти большую палку
  4052 | D:4      | namelastname112: и бить ей
  4052 | D:4      | namelastname112: и звать братанов
  4052 | D:4      | namelastname112: вместе с ними месить
  4381 | D:4      | Found Kaenocy's Antique Weapon Emporium.
  4398 | D:4      | Found Ganobb's Assorted Antiques.
  4430 | D:4      | Found Omaicyde's Assorted Antiques.
  4532 | D:3      | Found a glowing golden altar of the Shining One.
  4582 | D:4      | Learned a level 4 spell: Summon Lightning Spire
  4583 | D:5      | Entered Level 5 of the Dungeon
  4619 | D:5      | Found a snail-covered altar of Cheibriados.
  4619 | D:5      | Found a glowing golden altar of the Shining One.
  4757 | D:5      | Your scales start taking on a pale cyan-grey colour.
  4757 | D:5      | Reached XP level 7. HP: 47/57 MP: 8/12
  4929 | D:5      | epen: третий раз уже его ролишь
  4933 | D:5      | epen: цвет этот
  4937 | D:5      | namelastname112: а я и не против
  4942 | D:5      | epen: а золотой цвет есть?
  4943 | D:5      | namelastname112: yellow
  5046 | D:5      | epen: у него есть кп?
  5070 | D:5      | epen: рп
  5073 | D:5      | epen: рф
  5077 | D:5      | epen: рк
  5080 | D:5      | namelastname112: sosi
  5080 | D:5      | namelastname112: rcorr
  5140 | D:5      | epen: да
  5240 | D:5      | epen: я знал
  5272 | D:6      | epen: надо короче выпилить моттелд
  5300 | D:6      | epen: и запилить золотой
  5447 | D:6      | epen: типа смотри в чём суть
  5558 | D:6      | epen: не даёт никаких прибавок к апт
  5636 | D:6      | epen: но даёт резисты
  5637 | D:6      | Noticed Eustachio
  5638 | D:6      | Noticed Menkaure
  5640 | D:6      | epen: уууууу
  5643 | D:6      | epen: уууууу
  5648 | D:6      | Killed Menkaure
  5661 | D:6      | Killed Eustachio
  5696 | D:6      | Identified Ziffemp's Almanac of Gliding Protection
  5697 | D:6      | epen: ебать ты
  5810 | D:6      | epen: я бы нахуй послал
  5813 | D:6      | Learned a level 2 spell: Repel Missiles
  5883 | D:6      | Found a staircase to the Ecumenical Temple.
  5884 | D:6      | namelastname112: лол
  5884 | D:6      | namelastname112: они не страшные
  5884 | D:6      | namelastname112: когда знаешь, что делать
  5884 | D:6      | epen: ну хуй знает
  5889 | Temple   | Entered the Ecumenical Temple
  5980 | Temple   | epen: кинет тормент пару раз
  5985 | Temple   | Became a worshipper of Ashenzari the Shackled
  5988 | Temple   | epen: а тот призовёт братанов
  6021 | Temple   | epen: и блинкается
  6056 | D:6      | epen: и всё
  6086 | D:6      | epen: пизда
  6135 | D:6      | namelastname112: ну
  6135 | D:6      | namelastname112: менкауре к огню уязвим
  6135 | D:6      | namelastname112: пар это почти огонь
  6135 | D:6      | namelastname112: так что ему пизда
  6135 | D:6      | namelastname112: а этого петуха я просто отравил
  6311 | D:7      | Reached skill level 7 in Summonings
  6359 | D:7      | Reached XP level 8. HP: 66/66 MP: 14/14
  6886 | D:7      | epen: ммм
  6969 | D:8      | epen: как приятно находить маленькие сюрпризы, когда гуляешь по квартире
  7000 | D:8      | epen: вот я сейчас взял
  7022 | D:8      | Noticed Grum
  7030 | D:8      | epen: и нашёл пакетик с нескафе
  7044 | D:8      | Killed Grum
  7044 | D:8      | Reached skill level 1 in Polearms
  7044 | D:8      | Reached skill level 1 in Air Magic
  7152 | D:8      | Reached skill level 8 in Summonings
  7210 | D:8      | Reached skill level 5 in Spellcasting
  7216 | D:8      | Reached skill level 5 in Dodging
  7216 | D:8      | epen: лол
  7216 | D:8      | Reached XP level 9. HP: 68/72 MP: 5/16
  7218 | D:8      | epen: там гидра
  7236 | D:8      | Noticed a three-headed hydra
  7238 | D:8      | epen: 100%
  7250 | D:8      | Killed a three-headed hydra
  7250 | D:8      | Reached skill level 5 in Fighting
  7609 | D:9      | epen: вообще я до сих пор проигрываю
  7624 | D:9      | epen: в лэйре там
  7624 | D:9      | Got the rapier "Qoeneginu" {venom, +Fly rC+ Str-4 Int+5}
  7625 | D:9      | epen: жабы
  7625 | D:9      | Identified the +4 rapier "Qoeneginu" {venom, +Fly rC+ Str-4 Int+5} (You found it on level 9 of the Dungeon)
  7626 | D:9      | epen: змеи
  7639 | D:9      | epen: яки
  7693 | D:9      | Reached * piety under Ashenzari
  7694 | D:9      | epen: крокодилы
  7737 | D:9      | epen: животные всякие
  7761 | D:9      | epen: и ГИДРА нахуй
  7960 | D:9      | namelastname112: лол
  7960 | D:9      | namelastname112: а как же василиски
  7960 | D:9      | namelastname112: мантикоры
  7960 | D:9      | namelastname112: гриффоны
  8014 | D:9      | epen: хм...
  8017 | D:9      | epen: а о них я чё-то не подумал
  8052 | D:10     | Entered Level 10 of the Dungeon
  8113 | D:10     | Reached skill level 9 in Summonings
  8174 | D:10     | Identified a -1 rod of inaccuracy (12/12) (You found it on level 10 of the Dungeon)
  8873 | D:10     | Reached XP level 10. HP: 57/83 MP: 14/19
  9036 | D:10     | epen: интересно
  9065 | D:10     | epen: а есть люди, которые играю в кравл сидя за столом
  9073 | D:10     | epen: и кидая кубик
  9146 | D:10     | Noticed a hill giant
  9153 | D:10     | epen: их ещё РОЛИВИКАМИ называют
  9159 | D:10     | epen: или как-то так
  9161 | D:10     | Killed a hill giant
  9293 | D:10     | Noticed a hill giant
  9306 | D:10     | Reached skill level 10 in Summonings
  9309 | D:10     | Killed a hill giant
  9523 | D:10     | Found a staircase to the Lair.
  9527 | D:10     | Noticed an unseen horror
  9536 | D:10     | Killed an unseen horror
  9604 | D:10     | namelastname112: лол
  9604 | D:10     | namelastname112: в смысле
  9853 | D:11     | epen: ну они типа за столом сидят
  9855 | D:11     | epen: и ситуации придумывают
  9898 | D:11     | epen: типа каждый из них имеет своего персонажа
  9940 | D:11     | Noticed a brown ugly thing
  9944 | D:11     | epen: есть чел, который водит
  9951 | D:11     | epen: он типа ситуации задаёт
  9958 | D:11     | epen: он такой типа
  9962 | D:11     | Killed a brown ugly thing
 10094 | D:11     | epen: ТЫ ГУЛЯЕШЬ ПО ДАНЖУ И ВСТРЕТИЛ ГИДРУ
 10101 | D:11     | Reached skill level 5 in Polearms
 10121 | D:11     | epen: чел такой говорит
 10162 | D:11     | Noticed a hill giant
 10163 | D:11     | namelastname112: а
 10163 | D:11     | namelastname112: днд
 10163 | D:11     | epen: ХОЧУ ПОДОЙТИ К ГИДРЕ И УДАРИТЬ ЕЁ
 10170 | D:11     | epen: и такой кубик кидает
 10178 | D:11     | Killed a hill giant
 10209 | D:11     | Reached ** piety under Ashenzari
 10242 | D:11     | epen: сука
 10396 | D:11     | epen: сейчас секунд 20 втыкал
 10396 | D:11     | epen: что такое днд
 10477 | D:11     | epen: а это ты просто по кнопкам промахнулся
 10649 | D:11     | Reached XP level 11. HP: 91/92 MP: 17/21
 11118 | D:12     | namelastname112: нет
 11118 | D:12     | namelastname112: лолка
 11118 | D:12     | namelastname112: D&D
 11199 | D:12     | Reached skill level 11 in Summonings
 11325 | D:12     | Found a staircase to the Orcish Mines.
 11493 | D:12     | Noticed no0bjke's ghost (journeyman GrBe)
 11522 | D:12     | Noticed a green ugly thing
 11546 | D:12     | Killed a green ugly thing
 11619 | D:11     | barb4r1an: нубжке не прощает
 11724 | D:12     | Noticed a deep elf mage
 11740 | D:11     | Killed a deep elf mage
 11845 | D:11     | Learned a level 4 spell: Summon Ice Beast
 11893 | D:12     | Noticed a hill giant
 11903 | D:12     | Killed a hill giant
 12069 | D:12     | namelastname112: сука
 12069 | D:12     | namelastname112: один + АС это 5
 12069 | D:12     | namelastname112: откуда у него 30 ас
 12069 | D:12     | namelastname112: на д12
 12091 | D:11     | epen: ну
 12091 | D:11     | barb4r1an: гаргулия же
 12155 | Lair:1   | Entered Level 1 of the Lair of Beasts
 12159 | Lair:1   | incide: гарг
 12329 | Lair:1   | epen: чел в ирке тоже интересовался
 12373 | Lair:1   | Gained mutation: You occasionally shout uncontrollably at your foes. [helix card]
 12374 | Lair:1   | epen: как призрак имени имел столько АС
 12506 | Lair:1   | Reached *** piety under Ashenzari
 13014 | Lair:2   | Found a dark tunnel.
 13019 | Volcano  | Entered a volcano
 13053 | Volcano  | Noticed a deep elf mage
 13061 | Volcano  | Noticed a deep elf mage
 13064 | Volcano  | epen: ирке что ли?
 13067 | Volcano  | epen: кирке*
 13076 | Volcano  | namelastname112: нет
 13076 | Volcano  | namelastname112: лол
 13076 | Volcano  | namelastname112: откуда в вулкане кирке
 13088 | Volcano  | Killed a deep elf mage
 13127 | Volcano  | Killed a deep elf mage
 13201 | Volcano  | epen: если так подумать
 13347 | Volcano  | epen: То хули эльфы в вулкане делают?
 13604 | Lair:2   | namelastname112: тусят
 13604 | Lair:2   | namelastname112: лол
 14593 | Lair:3   | Reached skill level 12 in Summonings
 14711 | Lair:3   | Found a frozen archway.
 14715 | IceCv    | Entered an ice cave
 14725 | IceCv    | Reached XP level 12. HP: 103/103 MP: 6/23
 14850 | IceCv    | Reached skill level 1 in Shields
 15234 | IceCv    | Found an ancient bone altar of Kikubaaqudgha.
 15592 | IceCv    | Identified the Reference Book on the Snowflakes
 16369 | Lair:3   | Found an iron altar of Okawaru.
 16385 | Lair:3   | Noticed Gastronok
 16417 | Lair:3   | Killed Gastronok
 16944 | Lair:3   | namelastname112: sooooqa
 16944 | Lair:3   | namelastname112: лампочка перегорела
 16966 | Lair:3   | epen: ты со светом что ли сидишь?
 17075 | Lair:3   | Reached **** piety under Ashenzari
 17660 | Lair:4   | Found a staircase to the Shoals.
 17873 | Lair:4   | Learned a level 3 spell: Ozocubu's Armour
 18149 | Lair:4   | Noticed a queen ant
 18161 | Lair:4   | Killed a queen ant
 18166 | Lair:4   | jacquesderrida: ХАЙ ЧЕ ТУТ
 18166 | Lair:4   | namelastname112: у меня клевый ночник
 18166 | Lair:4   | namelastname112: в виде луны
 18166 | Lair:4   | jacquesderrida: Сколько сот раз победил?!
 18166 | Lair:4   | namelastname112: два пока
 18166 | Lair:4   | jacquesderrida: Че за нужник
 18166 | Lair:4   | namelastname112: и епен один раз
 18236 | Lair:4   | jacquesderrida: луна ето збс
 18471 | Lair:5   | jacquesderrida: https://www.youtube.com/watch?v=Av5Jb52yFBo
 18479 | Lair:5   | jacquesderrida: loona soopir
 18519 | Lair:5   | Gained mutation: You can translocate small distances at will. [potion of mutation]
 18519 | Lair:5   | Gained mutation: Your large and strong wings let you fly indefinitely. [potion of mutation]
 19295 | Lair:5   | Noticed a catoblepas
 19307 | Lair:5   | Killed a catoblepas
 19352 | Lair:6   | Found a hole to the Spider Nest.
 19362 | Lair:6   | Found a staircase to the Slime Pits.
 19381 | Lair:6   | jacquesderrida: збс песня, поцоны
 19446 | Lair:6   | jacquesderrida: gonna-wanna, однако
 19446 | Lair:6   | namelastname112: https://youtu.be/xmrKjdHdOgw
 19528 | Lair:6   | epen: https://www.youtube.com/watch?v=fpu4f5q7wck
 19604 | Lair:6   | jacquesderrida: Преподша по английской грамматике любила убеждать нас, что так только пролетарское бидло из гарлема говорит
 19677 | Lair:6   | jacquesderrida: У нее была кличка фройляйн...
 19710 | Lair:6   | jacquesderrida: A PRUDE BITCH...
 19729 | Lair:6   | jacquesderrida: Я не согласен
 19823 | Lair:6   | jacquesderrida: Джон Маус не из гарлема
 19900 | Lair:6   | jacquesderrida: Он преподает философию на гаваях
 19973 | Lair:6   | jacquesderrida: и збс песни поет
 19978 | Lair:6   | Reached XP level 13. HP: 89/111 MP: 22/26
 20303 | Lair:7   | jacquesderrida: https://www.youtube.com/watch?v=CZ594IL_wyw
 20446 | Lair:7   | Learned a level 1 spell: Apportation
 20449 | Lair:7   | Learned a level 2 spell: Blink
 21036 | Lair:7   | Reached skill level 13 in Summonings
 21141 | Lair:7   | Reached ***** piety under Ashenzari
 21258 | Lair:7   | Reached skill level 10 in Fighting
 21553 | Lair:8   | Entered Level 8 of the Lair of Beasts
 21784 | Lair:8   | Reached skill level 10 in Spellcasting
 23094 | Lair:8   | Identified the ring of the Middle {*Confuse rPois rF+ Str+4 Int+7} (You found it on level 8 of the Lair of Beasts)
 23105 | Lair:8   | namelastname112: HEHEHEHE
 23105 | Lair:8   | namelastname112: DRACONCHIKI
 23105 | Lair:8   | jacquesderrida: даргин
 23154 | Lair:8   | jacquesderrida: Пора призывать
 23408 | Lair:8   | jacquesderrida: аййййй
 23476 | Lair:8   | jacquesderrida: грифин
 24583 | D:12     | jacquesderrida: че големчика не призываешь
 24588 | D:12     | jacquesderrida: Уже ебнул бы
 24625 | D:12     | Killed no0bjke's ghost
 24762 | D:12     | jacquesderrida: И призрак стал бы жареным...
 24907 | D:5      | namelastname112: golemchik opasnii
 24938 | D:4      | Bought a blackened buckler for 228 gold pieces
 24938 | D:4      | Identified the +2 buckler of the Lobster {rC+ MR+ Dex-3} (You bought it in a shop on level 4 of the Dungeon)
 24938 | D:4      | jacquesderrida: пач...
 24938 | D:4      | jacquesderrida: денг
 24949 | D:4      | jacquesderrida: гамно...
 24950 | D:4      | jacquesderrida: Немного
 25087 | D:12     | jacquesderrida: 8 декстерити.........
 25165 | D:12     | namelastname112: stoit togo
 25333 | D:12     | jacquesderrida: DA NARMICOM
 25353 | Orc:1    | Entered Level 1 of the Orcish Mines
 25361 | Orc:1    | Noticed Nergalle
 25370 | Orc:1    | Killed Nergalle
 25526 | Orc:2    | Entered Level 2 of the Orcish Mines
 25536 | Orc:2    | epen: почему у спектральной гидры нельзя уменьшать головы?
 25579 | Orc:2    | Noticed Sonja
 25587 | Orc:2    | jacquesderrida: INCORPOREAL
 25589 | Orc:2    | Killed Sonja
 25589 | Orc:2    | Reached XP level 14. HP: 116/122 MP: 28/28
 25608 | Orc:2    | Found a staircase to the Elven Halls.
 25689 | Orc:2    | Found Tekk's Assorted Antiques.
 25899 | Orc:2    | jacquesderrida: ИМБ
 25987 | Orc:2    | epen: ну чё жак
 26064 | Orc:2    | epen: давай DSAK
 26171 | Orc:2    | jacquesderrida: SACK
 26260 | Orc:2    | Noticed an orc warlord
 26268 | Orc:2    | epen: feCK
 26281 | Orc:2    | jacquesderrida: WORLERD
 26292 | Orc:2    | Killed an orc warlord
 26393 | Orc:2    | Found a roughly hewn altar of Beogh.
 26465 | Orc:2    | jacquesderrida: TIME FOR MACHIT
 26490 | Orc:2    | Found Xinocipt's Antique Armour Shop.
 26501 | Orc:2    | Bought a pair of crude boots for 256 gold pieces
 26501 | Orc:2    | Identified the cursed -1 pair of boots "Jedghy" {-Cast +Inv rF+++} (You bought it in a shop on level 2 of the Orcish Mines)
 26501 | Orc:2    | jacquesderrida: deeeeeeeeeng
 26510 | Orc:2    | Found Xecherch's Antique Weapon Shop.
 26518 | Orc:2    | jacquesderrida: rf+++++++++++
 26536 | Orc:2    | Found Wentush's General Store.
 26544 | Orc:2    | jacquesderrida: 1 gold
 26544 | Orc:2    | jacquesderrida: heh
 26544 | Orc:2    | namelastname112: книжный нада
 26552 | Orc:2    | Found Wipto's Book Shop.
 26560 | Orc:2    | jacquesderrida: knigi nada
 26560 | Orc:2    | jacquesderrida: SAMONENGS
 26560 | Orc:2    | jacquesderrida: shedaw kri4ers 7 level LAL
 26560 | Orc:2    | epen: реген бы взял
 26560 | Orc:2    | namelastname112: 47% haunt
 26560 | Orc:2    | jacquesderrida: Вот же кретины, бля!
 26560 | Orc:2    | namelastname112: deng meng
 26560 | Orc:2    | jacquesderrida: Зах они это сделали
 26560 | Orc:2    | jacquesderrida: грейтер деман 7 уровня
 26560 | Orc:2    | namelastname112: менагерия тож седьмого
 26560 | Orc:2    | namelastname112: стой
 26560 | Orc:2    | namelastname112: кричурс 6 же
 26560 | Orc:2    | namelastname112: da
 26560 | Orc:2    | jacquesderrida: ПОхоже, бримстоун равен пачке гоблинов!
 26560 | Orc:2    | jacquesderrida: МЕНАЖЕРИ теперь тоже 7!
 26560 | Orc:2    | jacquesderrida: Ебланы!
 26560 | Orc:2    | namelastname112: pidarasi
 26727 | Orc:2    | Noticed Nessos
 26741 | Orc:2    | Killed Nessos
 26787 | Orc:2    | jacquesderrida: Кто в здравом уме будет кричерсов кастовать...
 26855 | Orc:2    | jacquesderrida: ??book of summoning
 26900 | Orc:2    | beem: book of summonings[1/1]: Abjuration, Recall, Summon Forest, Shadow Creatures, Summon Demon, Monstrous Menagerie (in 0.16). Aura of Abjuration, Recall, Summon Forest, Shadow Creatures, Summon Demon and Summon Mana Viper (in 0.17-a).
 27005 | Orc:2    | jacquesderrida: pizdos
 27038 | Orc:2    | jacquesderrida: ??grand grimoire
 27038 | Orc:2    | beem: grand grimoire[1/1]: Monstrous Menagerie, Summon Greater Demon, Malign Gateway, Summon Horrible Things - In 0.16-, you were required to have 6 spellcasting and 10 summonings to memorize spells out of this book.
 27038 | Orc:2    | Bought a book of Summonings for 770 gold pieces
 27044 | Orc:2    | Learned a level 5 spell: Summon Demon
 27050 | Orc:2    | Learned a level 5 spell: Aura of Abjuration
 27218 | Orc:1    | Found Fitiupe's Jewellery Shoppe.
 27248 | Orc:1    | Bought an uncursed amulet of magic regeneration for 390 gold pieces
 27278 | Orc:1    | jacquesderrida: Для грейтер деманов все-таки нужны гранд гримуар и саммонинг...
 27333 | Orc:1    | jacquesderrida: hueva
 27347 | Orc:2    | namelastname112: nada xxx
 27353 | Orc:2    | jacquesderrida: !xxx namirn
 27353 | Orc:2    | beem: jacquesderrida mumbles some strange words. 6 tentacled monstrosities appear! The tentacled monstrosity tentacle-slaps namirn! x6
 27353 | Orc:2    | jacquesderrida: ;^)
 27353 | Orc:2    | namelastname112: shoplist pizdec
 27374 | Orc:2    | jacquesderrida: ВИРМЕР!!!!!
 27374 | Orc:2    | namelastname112: da
 27374 | Orc:2    | jacquesderrida: DENGI NADA
 27500 | Lair:1   | jacquesderrida: samon deman ohooenny
 27558 | Lair:2   | jacquesderrida: Только враждебных заебешься изгонять...
 27558 | Lair:2   | namelastname112: DIMAN
 27634 | D:11     | jacquesderrida: 3 раза абжурить nada
 27886 | D:13     | jacquesderrida: етот сан деман половину игры виебать может
 27912 | D:13     | jacquesderrida: оч kharasho
 27917 | D:13     | jacquesderrida: vot
 27923 | D:13     | jacquesderrida: VRAG
 27950 | D:13     | jacquesderrida: che za pidary
 27964 | D:13     | jacquesderrida: za chto oni tebya pobili
 28034 | D:13     | Reached skill level 14 in Summonings
 28277 | D:13     | jacquesderrida: SGOREL
 28314 | D:13     | jacquesderrida: POKOINIIIIIK!
 28626 | D:13     | Found a gate to the Vaults.
 28631 | D:13     | Reached skill level 10 in Dodging
 29664 | D:15     | Entered Level 15 of the Dungeon
 29863 | D:15     | Found Luar's Pet Rocks.
 30167 | D:15     | Found a staircase to the Depths.
 30167 | D:15     | Noticed a frost giant
 30191 | D:15     | Killed a frost giant
 30647 | Orc:2    | Bought the +2 cloak of Starlight {rElec rC+ EV+4 Stlth--} for 594 gold pieces
 30872 | Shoals:1 | Entered Level 1 of the Shoals
 31548 | Shoals:1 | Reached ****** piety under Ashenzari
 31867 | Shoals:1 | Reached skill level 10 in Polearms
 32272 | Shoals:2 | Reached XP level 15. HP: 124/130 MP: 17/30
 32294 | Shoals:2 | Noticed Polyphemus
 32374 | Shoals:2 | Killed Polyphemus
 32530 | Shoals:2 | Reached skill level 15 in Summonings
 32856 | Shoals:3 | Noticed namelastname112's ghost (adept DrWz)
 32857 | Shoals:3 | namelastname112: ой
 32857 | Shoals:3 | namelastname112: он злой очень
 33284 | Shoals:3 | jacquesderrida: Улетай отсюда, намир
 33294 | Shoals:3 | jacquesderrida: В открытое море
 33306 | Shoals:3 | jacquesderrida: Поселись с кракином, живи с медузами
 33559 | Shoals:3 | Killed namelastname112's ghost
 33583 | Shoals:3 | namelastname112: намир против намира
 33583 | Shoals:3 | namelastname112: кто же победит
 33828 | Shoals:3 | jacquesderrida: Я ставлю на намира
 33891 | Shoals:3 | jacquesderrida: Хотя у намира тоже неплохие шансы
 34102 | Shoals:3 | jacquesderrida: a wild namir appears
 34135 | Shoals:3 | Identified a -1 rod of shadows (12/12) (You found it on level 3 of the Shoals)
 34600 | Shoals:3 | Reached skill level 1 in Evocations
 35960 | Shoals:4 | Entered Level 4 of the Shoals
 35960 | Shoals:4 | Noticed Ilsuiw
 36660 | Shoals:4 | Noticed a kraken
 36690 | Shoals:4 | Killed a kraken
 36703 | Shoals:4 | Got a barnacled rune of Zot
 36815 | Shoals:4 | Killed Ilsuiw
 37606 | Shoals:4 | Reached XP level 16. HP: 123/140 MP: 23/32
 38213 | Lair:4   | namelastname112: vse
 38213 | Lair:4   | namelastname112: ustal
 38213 | Lair:4   | Upgraded the game from 0.18.1-1-g2f07953 to 0.18.1-2-ga659475
 38253 | Spider:1 | Entered Level 1 of the Spider Nest
 38674 | Spider:1 | Reached skill level 16 in Summonings
 39512 | Spider:2 | Reached skill level 5 in Evocations
 41250 | Spider:4 | Entered Level 4 of the Spider Nest
 42941 | Spider:4 | Reached XP level 17. HP: 98/149 MP: 26/33
 44166 | Spider:4 | Reached skill level 17 in Summonings
 44362 | Spider:4 | Got a gossamer rune of Zot
 44652 | Lair:1   | Learned a level 9 spell: Dragon's Call
 44759 | Elf:1    | Entered Level 1 of the Elven Halls
 44923 | Elf:1    | Found Kurar's Assorted Antiques.
 45023 | Elf:1    | Wingboner: Кревед. Как успехи?
 45027 | Elf:1    | Found Pianiel's Gadget Shoppe.
 45030 | Elf:1    | namelastname112: ща
 45030 | Elf:1    | namelastname112: враги будут
 45030 | Elf:1    | namelastname112: я тебе покажу
 45030 | Elf:1    | namelastname112: как успеи
 45030 | Elf:1    | namelastname112: успехи*
 45073 | Elf:1    | namelastname112: лол
 45077 | Elf:1    | Gained mutation: You expend magic power (3 MP) to strengthen your wands. [mutagenic glow]
 45091 | Elf:1    | Reached skill level 1 in Charms
 45232 | Elf:1    | Wingboner: Я только одну победу сделал, а потом внезапно работа на двое суток. Сейчас лягу спать, проснусь, там ещё часов пять доделаю её, и только потом освобожусь.
 45232 | Elf:1    | namelastname112: я всего два раза выиграл
 45232 | Elf:1    | namelastname112: зато 15 сделал
 45309 | Elf:1    | Found Mebo's Book Boutique.
 45324 | Elf:1    | namelastname112: мммм
 45324 | Elf:1    | namelastname112: гриморчик
 45324 | Elf:1    | namelastname112: бля
 45324 | Elf:1    | namelastname112: если будет акаварь
 45324 | Elf:1    | namelastname112: я просто золото просить буду
 45330 | Elf:1    | Wingboner: Ну, я б и рад тоже сыграть, но жаба задавила бы 320 убитых енотов на стоунсуп променять, даже турнир.
 45335 | Elf:1    | Wingboner: Хаха.
 45440 | Elf:1    | Wingboner: А кинь дамп, пожалуйста.
 45457 | Elf:1    | Found Nufulaz's Book Shoppe.
 45465 | Elf:1    | Wingboner: Налетай-подешевело!
 45539 | Elf:1    | Wingboner: Купи гримуар.
 45584 | Elf:1    | Wingboner: У тебя теперь хватает денег.
 45600 | Elf:1    | namelastname112: но я хочу некрономикон
 45600 | Elf:1    | namelastname112: и вирмбейн
 45600 | Elf:1    | Wingboner: Хотя можно сначала эльф3 почистить.
 45600 | Elf:1    | namelastname112: и вообще всякого
 45634 | Elf:2    | Wingboner: Хехехе.
 45639 | Elf:2    | Wingboner: У тебя вирмбейн есть в магазине?
 45652 | Elf:2    | Wingboner: В какую цену?
 45652 | Elf:2    | namelastname112: >d:4
 45767 | Elf:2    | Noticed Agnes
 45783 | Elf:2    | Killed Agnes
 45806 | Elf:2    | Wingboner: Драконы жгут. И жрут.
 45832 | Elf:2    | namelastname112: кстати
 45832 | Elf:2    | namelastname112: агнес
 45832 | Elf:2    | namelastname112: я её еще не убивал
 45832 | Elf:2    | Wingboner: Амулет этот классный под драконий кал.
 45832 | Elf:2    | namelastname112: я сейчас второй по убитым уникам
 46028 | Elf:2    | Wingboner: Там какой-то чудо-бот вроде 60 нарубил, когда я вчера смотрел.
 46118 | Elf:2    | Found Erihagy's Weapon Shoppe.
 46181 | Elf:2    | Wingboner: Как у тебя еды-то хватает кал спамить?
 46190 | Elf:2    | Found a runed door.
 46206 | Elf:2    | namelastname112: эльфов жру
 46206 | Elf:2    | namelastname112: лол
 46302 | Elf:2    | Found a runed door.
 46413 | Elf:3    | Entered Level 3 of the Elven Halls
 46440 | Elf:3    | Noticed a deep elf blademaster
 46448 | Elf:3    | Killed a deep elf blademaster
 46449 | Elf:3    | Noticed a deep elf blademaster
 46450 | Elf:3    | Killed a deep elf blademaster
 46582 | Elf:3    | Noticed a deep elf master archer
 46593 | Elf:3    | Killed a deep elf master archer
 46937 | Elf:3    | Noticed a deep elf master archer
 46956 | Elf:3    | Killed a deep elf master archer
 47023 | Elf:3    | Wingboner: Надо чтобы все девятки такие же дорогие были.
 47023 | Elf:3    | namelastname112: дык
 47023 | Elf:3    | namelastname112: они и так дорогие же
 47023 | Elf:3    | namelastname112: по хангеру
 47023 | Elf:3    | Wingboner: По мане не настолько.
 47023 | Elf:3    | namelastname112: просто драгонколл я один раз кастанул
 47023 | Elf:3    | namelastname112: и он работает
 47023 | Elf:3    | namelastname112: а другими девятками спамить надо
 47031 | Elf:3    | Wingboner: А торнадо типа не так.
 47069 | Elf:3    | Identified Fiob Rim's Collected Works on Creative Curses
 47159 | Elf:3    | Noticed a Hell Sentinel
 47159 | Elf:3    | Identified the +2 shield "Wuetafai" {rElec Int+4} (You took it off a deep elf demonologist on level 3 of the Elven Halls)
 47170 | Elf:3    | Identified the ring of Dant {SustAt Int+4}
 47180 | Elf:3    | Identified the +3 pair of gloves of the Jackalope {*Contam Str+8}
 47239 | Elf:3    | namelastname112: бля
 47239 | Elf:3    | namelastname112: хорошее название у топора
 47239 | Elf:3    | namelastname112: привет ксено
 47278 | Elf:3    | xeno23: хай
 47387 | Elf:3    | Noticed Saint Roka
 47395 | Elf:3    | Killed Saint Roka
 47395 | Elf:3    | Reached XP level 18. HP: 90/159 MP: 12/35
 47773 | Elf:3    | Wingboner: Почему ты с Эшем не поднимаешь метательное?
 47777 | Elf:3    | namelastname112: тровинг?
 47777 | Elf:3    | Wingboner: Мог бы прибить посох тогда, бонус повыше был бы.
 47777 | Elf:3    | namelastname112: не
 47777 | Elf:3    | namelastname112: я не буду руку курсить
 47777 | Elf:3    | namelastname112: свапаться буду
 47777 | Elf:3    | Wingboner: Но почему?
 47777 | Elf:3    | namelastname112: найду палку суммона
 47777 | Elf:3    | namelastname112: или виза
 47777 | Elf:3    | namelastname112: буду некромут там кастовать
 47777 | Elf:3    | namelastname112: и на вирмбейн свапаться
 47963 | Elf:3    | Found an ancient bone altar of Kikubaaqudgha.
 48162 | Elf:3    | namelastname112: так
 48162 | Elf:3    | namelastname112: надо наверное того
 48162 | Elf:3    | namelastname112: некрономикон купить
 48162 | Elf:3    | namelastname112: ради негра и хаунта
 48162 | Elf:3    | Wingboner: Ладно, я спать уже. Успехов тебе.
 48162 | Elf:3    | namelastname112: давай
 48162 | Elf:3    | xeno23: на д4
 48162 | Elf:3    | xeno23: ох лол
 48162 | Elf:3    | namelastname112: вот смотри
 48162 | Elf:3    | namelastname112: насколько эш хорош
 48162 | Elf:3    | namelastname112: 18 лвл
 48162 | Elf:3    | namelastname112: я кастую драгонколл
 48162 | Elf:3    | xeno23: мда
 48162 | Elf:3    | xeno23: а я за мумию на 15 хуец сосал
 48162 | Elf:3    | namelastname112: так-то
 48395 | Vaults:1 | Entered Level 1 of the Vaults
 48512 | Vaults:1 | xeno23: коьлцо ниче так
 48521 | Vaults:1 | xeno23: и старлайт
 49446 | Vaults:1 | namelastname112: ой лаги
 49701 | Vaults:1 | namelastname112: ммм
 49701 | Vaults:1 | namelastname112: в пизду
 49701 | Vaults:1 | namelastname112: куплю некрономикон
 49849 | Orc:2    | Bought a Necronomicon for 1214 gold pieces
 49857 | Orc:2    | Learned a level 7 spell: Haunt
 50122 | Vaults:1 | Reached skill level 1 in Necromancy
 50171 | Vaults:1 | Noticed Nikola
 50184 | Vaults:1 | Killed Nikola
 50186 | Vaults:1 | Noticed Asterion
 50191 | Vaults:1 | Killed Asterion
 50213 | Vaults:1 | xeno23: ??pale
 50215 | Vaults:1 | beem: pale draconian[1/1]: A form of draconians that is able to breathe steam. Player character gets +1 aptitude in Air and Fire magic, +1 aptitude in evocations, and steam resistance.
 50338 | Vaults:1 | xeno23: ну хоть апты дают
 50376 | Vaults:1 | namelastname112: дыхание тоже очень даже
 50396 | Vaults:1 | xeno23: а резист к дыму это хуйня какая-то
 50475 | Vaults:1 | namelastname112: ну
 50475 | Vaults:1 | namelastname112: резист да
 50475 | Vaults:1 | namelastname112: зато отличные апты и дыхание
 50541 | Vaults:2 | Gained mutation: Your muscles are strong. (Str +2) [potion of beneficial mutation]
 50542 | Vaults:2 | Gained mutation: Your flesh is heat resistant. [potion of beneficial mutation]
 51122 | Vaults:2 | Noticed Mennas
 51122 | Vaults:2 | xeno23: ммм
 51134 | Vaults:2 | Killed Mennas
 51206 | Vaults:2 | xeno23: ебать они его сожрали
 51481 | Vaults:2 | namelastname112: лол блять
 51481 | Vaults:2 | namelastname112: ну дык
 51481 | Vaults:2 | namelastname112: драконы
 51481 | Vaults:2 | namelastname112: это тебе не шутки нахуй
 51639 | Vaults:2 | Found Dunwysot's Antique Armour Boutique.
 52314 | Vaults:3 | xeno23: ладно пойду овервотч посмотрю
 53424 | Vaults:3 | Reached skill level 5 in Necromancy
 53478 | Vaults:3 | Noticed a bone dragon
 53493 | Vaults:3 | Killed a bone dragon
 53581 | Vaults:3 | Found a staircase to the Crypt.
 54192 | Vaults:4 | Reached XP level 19. HP: 168/168 MP: 9/36
 54241 | Vaults:4 | Found Nanuz's Jewellery Shoppe.
 54306 | Vaults:4 | Noticed Sojobo
 54315 | Vaults:4 | Noticed Aizul
 54326 | Vaults:4 | Killed Aizul
 54344 | Vaults:4 | Killed Sojobo
 54618 | Vaults:4 | Noticed Frederick
 54628 | Vaults:4 | Killed Frederick
 54628 | Vaults:4 | Reached skill level 18 in Summonings
 54698 | Vaults:4 | Reached skill level 10 in Evocations
 54969 | Vaults:4 | Identified Teogill's Handbook of the Big Bang
 55117 | Vaults:4 | Noticed a Brimstone Fiend
 55620 | Vaults:2 | Learned a level 8 spell: Necromutation
 55740 | Crypt:1  | Entered Level 1 of the Crypt
 55767 | Crypt:1  | Found a magical portal.
 55776 | WizLab   | Entered Iskenderun's Mystic Tower
 56112 | WizLab   | Reached skill level 1 in Transmutations
 56462 | WizLab   | Reached skill level 15 in Fighting
 56551 | WizLab   | Identified Iskenderun's Reference Book on Attacks
 56551 | WizLab   | Identified Iskenderun's Guide on Confrontation
 56632 | WizLab   | Identified the Catalogue of Necromancy (You found it in a wizard's laboratory)
 57226 | Crypt:1  | Noticed Mara
 57230 | Crypt:1  | Noticed namelastname112's illusion
 57289 | Crypt:1  | Noticed namelastname112's illusion
 57318 | Crypt:1  | Killed Mara
 57512 | Crypt:2  | Noticed a lich
 57522 | Crypt:1  | Killed a lich
 58510 | Crypt:3  | Entered Level 3 of the Crypt
 59779 | Crypt:3  | Noticed a greater mummy
 60274 | Crypt:3  | Killed a greater mummy
 60972 | Crypt:3  | Reached XP level 20. HP: 146/165 MP: 27/38
 60997 | Crypt:3  | Reached skill level 5 in Transmutations
 61024 | Crypt:3  | Identified the ring "Jazac" {rElec rF- Int+3 Slay+4 Stlth+}
 61024 | Crypt:3  | Noticed a greater mummy
 61038 | Crypt:3  | Noticed a greater mummy
 61134 | Crypt:3  | Found a staircase to the Tomb.
 61944 | D:4      | Bought the +8 lance "Wyrmbane" {slay drac, +Rage rPois rF+ AC+5} for 2313 gold pieces
 62216 | Depths:1 | Entered Level 1 of the Depths
 62889 | Depths:1 | Found a gateway to Hell.
 63165 | Depths:1 | Found an iron altar of Okawaru.
 63599 | Depths:2 | Reached skill level 10 in Necromancy
 63615 | Depths:2 | Found a radiant altar of Vehumet.
 63615 | Depths:2 | Noticed the Enchantress
 63630 | Depths:2 | Killed the Enchantress
 63647 | Depths:2 | Identified the ring of Jiunkiy {Int+2 Dex-5 SInv Stlth+}
 63654 | Depths:2 | Identified a +1 pair of boots of running
 64169 | Depths:2 | Found a gateway to a ziggurat.
 64169 | Depths:2 | Noticed an ancient lich
 64185 | Depths:2 | Killed an ancient lich
 64289 | Zig:1    | Entered Level 1 of a ziggurat
 64292 | Zig:1    | Gained mutation: You are clumsy. (Dex -2) [a cacodemon]
 64355 | Zig:2    | Entered Level 2 of a ziggurat
 64464 | Zig:3    | Entered Level 3 of a ziggurat
 64520 | Zig:4    | Entered Level 4 of a ziggurat
 64879 | Zig:5    | Entered Level 5 of a ziggurat
 64898 | Zig:5    | Reached skill level 5 in Shields
 65083 | Zig:6    | Entered Level 6 of a ziggurat
 65112 | Zig:6    | Identified the amulet of Enkoff {Dismiss rF+ MR+ Int-4}
 65233 | Zig:7    | Entered Level 7 of a ziggurat
 65272 | Zig:7    | Identified a scroll of acquirement
 65370 | Zig:7    | Identified the Disquisition on Unstable Lightness
 65388 | Zig:8    | Entered Level 8 of a ziggurat
 65400 | Zig:8    | barb4r1an: зачем ты деньги попросил?
 65404 | Zig:8    | barb4r1an: понял
 65404 | Zig:8    | namelastname112: grimoire
 65516 | Zig:8    | Identified Bozablacas's Second Course in Spellcraft
 65519 | Zig:8    | Identified Xaf Cuoh's Handbook of Necromancy and the Traveller
 65629 | Zig:9    | Entered Level 9 of a ziggurat
 65687 | Zig:9    | Identified the Tome of Creative Dislocation
 65802 | Zig:10   | Entered Level 10 of a ziggurat
 65840 | Zig:10   | Identified the ring of Qimou {*Corrode rPois rF+ Slay+5 SInv}
 65879 | Zig:11   | Entered Level 11 of a ziggurat
 65906 | Zig:11   | Identified the amulet of the Stag {Harm *Drain rC+ rN+ Slay+3}
 66365 | Depths:2 | namelastname112: зиги не для суммонеров
 66365 | Depths:2 | namelastname112: к сожалению
 66593 | Elf:1    | Bought a Grand Grimoire for 1324 gold pieces
 66604 | Elf:1    | Learned a level 8 spell: Summon Horrible Things
 66604 | Elf:1    | Bought a book of the Sky for 780 gold pieces
 66666 | Orc:2    | Bought a scroll of amnesia for 108 gold pieces
 66674 | Orc:2    | Learned a level 6 spell: Deflect Missiles
 67920 | Depths:3 | Reached XP level 21. HP: 101/185 MP: 11/39
 68444 | Depths:3 | Reached skill level 10 in Transmutations
 69039 | Depths:3 | Identified Tuinonoa's Catalogue of Necromancy (You found it on level 3 of the Depths)
 69524 | Depths:3 | Found a one-way gate leading to the halls of Pandemonium.
 70633 | Depths:4 | Found a one-way gate to the infinite horrors of the Abyss.
 71920 | Depths:5 | Entered Level 5 of the Depths
 72025 | Depths:5 | Noticed Boris
 72029 | Depths:5 | Killed Boris
 72556 | Depths:5 | Found a gate to the Realm of Zot.
 72838 | Depths:5 | Found March's Book Shop.
 72847 | Depths:5 | Reached skill level 10 in Shields
 73922 | Vaults:5 | Entered Level 5 of the Vaults
 73925 | Vaults:5 | Identified the ring of the Mutiny {rF+ rC+ MP+9 Str+3}
 73925 | Vaults:5 | Identified the ring "Biynnuvyf" {Wiz rElec Str-4 Dex+2 Stlth+}
 73925 | Vaults:5 | Identified the ring of Leck {+Fly rPois rC+ Int+5}
 73978 | Vaults:5 | Reached XP level 22. HP: 71/193 MP: 12/40
 73993 | Vaults:5 | Noticed a golden dragon
 74043 | Vaults:5 | namelastname112: приехали
 74047 | Vaults:5 | HP: 1/193 [war gargoyle/flail (27)]
 74048 | Vaults:5 | barb4r1an: ты что-то странное мутишь в 5 волтах постоянно
 74048 | Vaults:5 | namelastname112: ну бля
 74048 | Vaults:5 | namelastname112: я чето не ожидал
 74048 | Vaults:5 | namelastname112: но это финиш
 74048 | Vaults:5 | namelastname112: палки хв жаль нет
 74048 | Vaults:5 | Mangled by a war gargoyle

Skill      XL: |  1  2  3  4  5  6  7  8  9 10 11 12 13 14 15 16 17 18 19 20 21 |
---------------+----------------------------------------------------------------+-----
Dodging        | 2 3 4 5 6 7 8 9 10 11 12 13 | 13.3
Fighting       | 1 2 3 4 5 7 8 9 10 11 12 13 14 15 | 15.4
Summonings     | 5 6 7 8 9 10 12 13 14 15 16 17 18 | 18.6
Spellcasting   | 3 4 5 6 7 9 10 11 12 13 14 | 14.2
Polearms       | 2 3 5 6 7 9 10 11 12 | 12.9
Air Magic      | 2 3 |  3.0
Shields        | 4 6 10 | 10.3
Evocations     | 3 6 8 9 10 | 10.8
Charms         | 3 |  3.9
Necromancy     | 5 8 11 13 | 13.4
Transmutations | 4 9 11 | 11.9
Stealth        | |  1.7

Action                   |  1- 3 |  4- 6 |  7- 9 | 10-12 | 13-15 | 16-18 | 19-21 | 22-24 || total
-------------------------+-------+-------+-------+-------+-------+-------+-------+-------++-------
Melee: Unarmed           |    45 |       |       |       |       |       |       |       ||    45
       Tailslap          |    15 |    14 |    12 |    78 |   127 |    91 |    91 |       ||   428
       Dagger            |    77 |       |       |       |       |       |       |       ||    77
       Spear             |    33 |    74 |       |       |       |       |       |       ||   107
       Glaive            |       |    94 |    47 |       |       |       |       |       ||   141
       Trident           |       |       |   144 |   703 |  1306 |       |       |       ||  2153
       Staff             |       |       |       |    26 |       |    75 |    45 |       ||   146
       Demon trident     |       |       |       |       |   215 |   990 |    62 |       ||  1267
       Lance             |       |       |       |       |       |       |   685 |       ||   685
 Cast: Summon Small Mamm |     6 |       |       |       |       |       |       |       ||     6
       Call Imp          |    14 |    20 |     7 |    18 |     1 |       |       |       ||    60
       Call Canine Famil |       |     8 |     7 |    13 |       |       |       |       ||    28
       Repel Missiles    |       |       |     1 |       |     7 |     4 |     7 |       ||    19
       Summon Lightning  |       |       |    22 |   123 |   122 |    12 |       |       ||   279
       Summon Ice Beast  |       |       |       |    39 |    53 |     8 |       |       ||   100
       Summon Demon      |       |       |       |       |   188 |   125 |     4 |       ||   317
       Aura of Abjuratio |       |       |       |       |    10 |    12 |    16 |       ||    38
       Blink             |       |       |       |       |     9 |     6 |    15 |     2 ||    32
       Dragon's Call     |       |       |       |       |       |    47 |    51 |       ||    98
       Ozocubu's Armour  |       |       |       |       |       |     1 |       |       ||     1
       Haunt             |       |       |       |       |       |    82 |   287 |     3 ||   372
       Necromutation     |       |       |       |       |       |       |    19 |       ||    19
       Summon Horrible T |       |       |       |       |       |       |    25 |     3 ||    28
       Deflect Missiles  |       |       |       |       |       |       |     6 |       ||     6
Invok: Curse Item        |       |       |       |     3 |     5 |       |     1 |       ||     9
       Scrying           |       |       |       |       |       |       |     1 |       ||     1
 Abil: Breathe Steam     |       |       |    20 |    24 |    15 |     2 |       |       ||    61
       Fly               |       |       |       |     1 |       |       |     1 |       ||     2
       Stop Flying       |       |       |       |       |       |       |     2 |       ||     2
Evoke: Deck              |       |       |       |     5 |       |       |       |       ||     5
       Wand              |       |       |       |       |     9 |       |     2 |       ||    11
       Staff of energy   |       |       |       |       |       |    71 |   444 |    16 ||   531
       Crystal ball of e |       |       |       |       |       |    24 |    21 |       ||    45
       Box of beasts     |       |       |       |       |       |       |     1 |       ||     1
  Use: Potion            |       |     2 |       |     1 |     2 |     4 |     3 |       ||    12
       Scroll            |       |       |    24 |     9 |    10 |    14 |    14 |     4 ||    75
 Stab: Sleeping          |     5 |     1 |     5 |     8 |     3 |       |       |       ||    22
       Distracted        |       |     1 |     4 |    15 |    13 |    13 |     9 |       ||    55
       Paralysed         |       |       |       |       |     3 |       |       |       ||     3
  Eat: Chunk             |     4 |     6 |     8 |    23 |    44 |    36 |    18 |       ||   139
       Meat ration       |       |     1 |     2 |     6 |     6 |     6 |     6 |       ||    27
       Royal jelly       |       |       |     1 |       |     1 |     2 |     1 |       ||     5
       Pizza             |       |       |       |     1 |     1 |     1 |     6 |       ||     9
       Fruit             |       |       |       |       |       |       |     2 |       ||     2
       Beef jerky        |       |       |       |       |       |       |     2 |       ||     2
       Bread ration      |       |       |       |       |       |       |     2 |       ||     2
Armor: Skin              |    70 |    47 |    68 |   176 |   320 |   288 |   278 |    11 ||  1258
Dodge: Dodged            |   109 |   105 |   103 |   343 |   860 |   829 |   554 |     8 ||  2911
       Deflected         |       |       |     2 |     1 |    42 |    23 |    57 |     4 ||   129
Block: Other             |       |    13 |    70 |   112 |       |       |       |       ||   195
       Reflection        |       |       |     1 |     2 |    10 |       |       |       ||    13
       Buckler           |       |       |       |   106 |   605 |   318 |   241 |     8 ||  1278
